 Dungeon Crawl Stone Soup version 0.20.1-1-g8b1a95d (webtiles) character file.

124818 Peloso the Peltast (level 16, -7/154 HPs)
             Began as a Deep Dwarf Fighter on Aug 4, 2017.
             Was the Champion of Okawaru.
             Mangled by a saltling (8 damage)
             ... in the Desolation of Salt.
             The game lasted 02:11:05 (29229 turns).

Peloso the Peltast (Deep Dwarf Fighter)            Turns: 29229, Time: 02:11:06

Health: -7/154     AC: 31    Str: 31    XL:     16   Next: 40%
Magic:  12/12      EV:  9    Int:  6    God:    Okawaru [******]
Gold:   2511       SH: 11    Dex: 16    Spells: 15/15 levels left

rFire    + . .     SeeInvis .   E - +3 long sword (vamp)
rCold    + . .     Gourm    +   p - +2 buckler of Riribeah {rN+ MR+ Slay+5 Stlth+}
rNeg     + + .     Faith    .   l - +1 gold dragon scales
rPois    +         Spirit   .   Y - +2 helmet "Jaologg" {+Inv Regen+}
rElec    .         Reflect  .   b - +2 cloak {MR+}
rCorr    .         Harm     .   P - +0 pair of gloves {Str+3}
MR       ++++.                  x - +0 pair of boots
Stlth    ..........             r - amulet of the gourmand
Regen    0.0/turn               M - +4 ring of dexterity
MPRegen  0.2/turn               I - ring of flight

@: berserk cooldown, non-regenerating, slowed, very slow
A: damage resistance, heal wounds, dopey 1, negative energy resistance 1, sense
surroundings 2, no regeneration
a: Heal Wounds, Heroism, Finesse, Renounce Religion, Evoke Invisibility, Evoke
Flight


You were in the Desolation of Salt.
You worshipped Okawaru.
Okawaru was exalted by your worship.
You were very full.

You visited 5 branches of the dungeon, and saw 26 of its levels.
You also visited: Labyrinth, Bailey and Desolation.

You collected 2946 gold pieces.
You spent 435 gold pieces at shops.

Inventory:

Hand Weapons
 E - a +3 vampiric long sword (weapon)
Armour
 b - a +2 cloak of magic resistance (worn)
 d - a scarf of repulsion
 l - +1 gold dragon scales (worn)
 p - the +2 buckler of Riribeah (worn) {rN+ MR+ Slay+5 Stlth+}
   (You found it on level 4 of the Lair of Beasts)

   It affects your accuracy and damage with ranged weapons and melee attacks
   (+5).
   It protects you from negative energy.
   It affects your resistance to hostile enchantments.
   It makes you more stealthy.
 x - a +0 pair of boots (worn)
 P - a +0 pair of gloves of strength (worn)
 Y - the +2 helmet "Jaologg" (worn) {+Inv Regen+}
   (Okawaru gifted it to you on level 5 of the Lair of Beasts)

   It lets you turn invisible.
   It increases your rate of regeneration.
Jewellery
 h - a +3 ring of evasion
 r - an amulet of the gourmand (around neck)
 u - an uncursed ring of protection from fire
 y - an uncursed ring of see invisible
 z - a +2 amulet of reflection
 I - a ring of flight (right hand)
 M - a +4 ring of dexterity (left hand)
Wands
 q - a wand of iceblast (0/15)
 t - a wand of polymorph (15/24)
Scrolls
 a - 5 scrolls of teleportation
 e - 3 scrolls of fear
 k - 8 scrolls of remove curse
 v - 4 scrolls of recharging
 C - a scroll of identify
 G - a scroll of blinking
Potions
 g - 4 potions of haste
 i - a potion of heal wounds
 j - 3 potions of agility
 m - 7 potions of flight
 o - a potion of brilliance
 A - a potion of might
 B - 7 potions of curing
 K - a potion of resistance
 L - a potion of magic
Comestibles
 c - a chunk of flesh
 f - 16 bread rations
 s - 12 meat rations
 w - 10 royal jellies
 W - 23 fruits


   Skills:
 + Level 12.6 Fighting
 + Level 6.0 Long Blades
   Level 14.2 Maces & Flails
 + Level 14.4 Armour
 + Level 5.0 Dodging
 + Level 2.6 Stealth
 + Level 17.2 Shields
 + Level 4.5 Invocations
 + Level 1.3 Evocations


You had 15 spell levels left.
You didn't know any spells.

Dungeon Overview and Level Annotations

Branches:
Dungeon (15/15)            Temple (1/1) D:6            Lair (6/6) D:9
 Shoals (0/4) Lair:3       Spider (0/4) Lair:4        Slime (0/5) Lair:5
    Orc (2/2) D:12            Elf (2/3) Orc:2        Vaults (0/5) D:13
 Depths (0/5) D:15

Altars:
Ashenzari
Cheibriados
Dithmenos
Elyvilon
Fedhas
Gozag
Hepliaklqana
Kikubaaqudgha
Makhleb
Nemelex Xobeh
Okawaru
Qazlal
Ru
Sif Muna
Trog
Uskayaw
Vehumet
Xom
Yredelemnul
Zin
The Shining One

Shops:
D:15 %   Orc:2 (*}[==(

Annotations:
D:12 exclusions: ice statue and obsidian statue
Lair:6 exclusion: 3 oklob plants


Innate Abilities, Weirdness & Mutations

You are resistant to damage.
You can heal yourself by infusing magical energy.
You resist negative energy. (rN+)
You passively map the area around you.
You do not regenerate.
You are dopey. (Int -2)


Message History

The saltling hits you!!
* * * LOW HITPOINT WARNING * * *
The saltling hits you.
The saltling hits you but does no damage.
You can move again.
Your gold dragon scales prevents you from hitting the peacekeeper.
The peacekeeper is moderately damaged.
The saltling no longer looks unusually strong.
The peacekeeper closely misses you. You block the peacekeeper's attack.
The saltling hits you but does no damage.
You block the peacekeeper's attack.
The peacekeeper claws you but does no damage.
The saltling hits you.
* * * LOW HITPOINT WARNING * * *
The saltling hits you but does no damage.
The saltling hits you.
The peacekeeper bites you but does no damage.
The peacekeeper claws you but does no damage.
The saltling hits you!
You die...

#######...................§§.§§
#######...................§§§§§
*#######..................§§§§§§
#######................§..§§§§§
#######................§.§§§§ *
#######.....8p..........§.§§§
#######................§§.§§ ,,
#######.....)8#8........§§§§,
*#######.....88@8........§§§§§.§
*###############################
*
###############################
*
###############################
*
*##############################
*#############################
** ############################


You could see a ragged hierophant, 2 peacekeepers and 4 saltlings.

Vanquished Creatures
  Gastronok (Lair:1)
  2 orc warlords (Orc:1)
  The ghost of RKaid the Bringer of Life, a journeyman FoVM of Elyvilon (Lair:6)
  An angel (Elf:2)
  The ghost of jotwebe the Lord of Darkness, a journeyman VSNe of Kikubaaqudgha (Lair:6)
  A deep elf death mage (Elf:1)
  The ghost of Turtleman12345 the Eclecticist, a journeyman DEAE of Sif Muna (Lair:3)
  An ettin (Orc:2)
  A minotaur (Lab)
  A ragged hierophant (Desolation)
  12 hydras
  2 peacekeepers (Desolation)
  A merfolk avatar (Lair:6)
  The ghost of ShornTheSheep the Cleaver, a novice MiBe of Trog (D:9)
  Erica (Lair:1)
  10 two-headed ogres
  An ogre mage (D:15)
  A tengu warrior (D:14)
  3 dancing weapons (Elf:1)
  3 orc high priests (Orc:2)
  The ghost of Blackbelt the Carver, a novice FoFi of Okawaru (D:6)
  5 deep elf knights (Elf:1)
  A sea snake (Lair:6)
  An unseen horror (D:14)
  An ironbrand convoker (Desolation)
  4 deep elf archers (Elf:1)
  2 wizards
  A harpy (Lair:6)
  6 orc knights
  21 deep elf magi
  4 ugly things
  9 orc sorcerers
  An oklob plant (Lair:6)
  A manticore (Lair:5)
  5 cyclopes
  7 elephants (Lair:6)
  A guardian serpent (Desolation)
  10 black mambas
  3 centaur zombies
  A gargoyle (D:14)
  2 merfolk sirens (Lair:3)
  A naga mage (D:15)
  2 molten gargoyles (Lair:3)
  6 centaur skeletons
  A spiny frog (shapeshifter) (D:15)
  14 spiny frogs
  A kobold demonologist (D:11)
  8 rime drakes
  12 komodo dragons
  3 meliai (D:15)
  A merfolk (Lair:3)
  7 trolls
  A troll (shapeshifter) (D:15)
  3 tengu conjurers
  3 jumping spiders (Lair:4)
  A queen bee (D:8)
  The ghost of eowindel the Covert, a novice SpEn (D:4)
  3 hornets
  31 blink frogs
  9 saltlings (Desolation)
  2 polar bears
  6 slime creatures
  6 dream sheep (Lair:4)
  A minotaur skeleton (Lab)
  8 hippogriffs
  2 meliai zombies (D:15)
  An air elemental (Elf:1)
  2 water elementals (Elf:1)
  4 redbacks (Lair:4)
  2 vampires
  5 wyverns
  A shadow (D:15)
  51 yaks
  4 basilisks
  2 steam dragons
  2 hungry ghosts
  2 acid dragons
  6 wargs
  A soldier ant (D:11)
  11 water moccasins
  32 orc warriors
  11 porcupines
  4 sky beasts
  3 ice beasts
  A black bear (Lair:4)
  7 centaurs
  2 necrophages (D:13)
  15 ogres
  4 phantoms
  4 wolves
  A hornet zombie (D:13)
  9 crocodiles
  5 big kobolds
  2 earth elementals (Elf:1)
  20 bullfrogs
  8 gnoll sergeants (Bailey)
  A wyvern skeleton (D:8)
  7 scorpions
  A water moccasin skeleton (D:5)
  13 killer bees (D:8)
  3 howler monkeys
  5 lava snakes (Lair:3)
  7 crimson imps
  A bullfrog zombie (D:7)
  21 orc priests
  2 bullfrog skeletons
  14 jellies
  33 orc wizards
  12 hounds
  6 gnoll shamans (Bailey)
  3 iguanas
  10 worker ants
  4 worker ant zombies
  22 gnolls
  18 adders
  2 shadow imps
  3 oozes
  2 adder skeletons
  An adder zombie (D:5)
  3 worms (D:4)
  3 dart slugs (D:1)
  7 leopard geckos
  74 orcs
  5 bats
  5 giant cockroaches
  7 goblins
  13 hobgoblins
  5 jackals
  31 kobolds
  A quokka (D:7)
  2 ball pythons
  A ball python skeleton (D:4)
  4 frilled lizards
  A quokka skeleton (D:4)
  6 rats
  3 bushes (Lair:2)
850 creatures vanquished.

Vanquished Creatures (others)
  A dancing weapon (Elf:1)
  A spiny frog (Lair:3)
  A centaur (D:9)
  A bush (Lair:2)
  21 fungi
  30 plants
55 creatures vanquished.

Grand Total: 905 creatures vanquished

Notes
Turn   | Place    | Note
-------+----------+-------------------------------------------
     0 | D:1      | Peloso the Deep Dwarf Fighter began the quest for the Orb.
     0 | D:1      | Reached XP level 1. HP: 20/20 MP: 1/1
   113 | D:1      | Reached XP level 2. HP: 24/27 MP: 2/2
   561 | D:2      | Reached XP level 3. HP: 26/34 MP: 3/3
   663 | D:2      | Found a faded altar of an unknown god.
   689 | D:2      | Reached XP level 4. HP: 31/42 MP: 4/4
  1012 | D:2      | Reached skill level 4 in Shields
  1892 | D:4      | Noticed an ogre
  1922 | D:3      | Reached XP level 5. HP: 49/49 MP: 5/5
  1930 | D:3      | Killed an ogre
  2030 | D:4      | Reached XP level 6. HP: 42/56 MP: 6/6
  2169 | D:4      | Reached skill level 1 in Maces & Flails
  2307 | D:4      | Noticed eowindel's ghost (novice SpEn)
  2476 | D:4      | Killed eowindel's ghost
  2476 | D:4      | Reached skill level 1 in Dodging
  2476 | D:4      | Reached skill level 5 in Shields
  2476 | D:4      | Reached XP level 7. HP: 52/63 MP: 7/7
  2513 | D:4      | Reached skill level 5 in Armour
  2921 | D:5      | Entered Level 5 of the Dungeon
  3315 | D:5      | Found a snail-covered altar of Cheibriados.
  3327 | D:5      | Reached XP level 8. HP: 72/72 MP: 8/8
  3675 | D:6      | Found a staircase to the Ecumenical Temple.
  3684 | Temple   | Entered the Ecumenical Temple
  3744 | Temple   | Became a worshipper of Warmaster Okawaru
  3851 | D:6      | Reached skill level 6 in Shields
  3863 | D:6      | Got a steaming war axe
  3985 | D:6      | Reached skill level 5 in Maces & Flails
  4228 | D:6      | Noticed Blackbelt's ghost (novice FoFi)
  4278 | D:6      | Killed Blackbelt's ghost
  4278 | D:6      | Reached * piety under Okawaru
  4278 | D:6      | Reached skill level 1 in Stealth
  4278 | D:6      | Reached skill level 7 in Shields
  4314 | D:6      | Gained mutation: You passively map the area around you. [Deep Dwarf growth]
  4314 | D:6      | Reached XP level 9. HP: 36/80 MP: 9/9
  4401 | D:6      | Reached ** piety under Okawaru
  4494 | D:6      | Reached skill level 5 in Fighting
  4736 | D:7      | Identified the +10 war axe of Bloodstone {chop, Int+6} (You found it on level 6 of the Dungeon)
  5161 | D:7      | Found a shattered altar of Ashenzari.
  5658 | D:8      | Reached skill level 8 in Shields
  5820 | D:8      | Reached *** piety under Okawaru
  6013 | D:8      | Reached XP level 10. HP: 89/91 MP: 10/10
  6091 | D:8      | Reached skill level 9 in Shields
  6381 | D:9      | Reached **** piety under Okawaru
  6412 | D:9      | Noticed a two-headed ogre
  6440 | D:9      | Killed a two-headed ogre
  6499 | D:9      | Found a staircase to the Lair.
  6533 | D:9      | Noticed ShornTheSheep's ghost (novice MiBe)
  6566 | D:9      | Killed ShornTheSheep's ghost
  6566 | D:9      | Reached skill level 1 in Invocations
  6712 | D:9      | Noticed a cyclops
  6722 | D:9      | Killed a cyclops
  6722 | D:9      | Reached ***** piety under Okawaru
  6930 | Lair:1   | Entered Level 1 of the Lair of Beasts
  6930 | Lair:1   | Noticed a spiny frog
  6977 | D:9      | Killed a spiny frog
  6977 | D:9      | Reached skill level 10 in Shields
  7016 | D:9      | Reached XP level 11. HP: 76/99 MP: 12/12
  7248 | Lair:1   | Reached skill level 10 in Maces & Flails
  7342 | Lair:1   | Noticed a six-headed hydra
  7353 | Lair:1   | Killed a six-headed hydra
  7418 | Lair:1   | Received a gift from Okawaru
  7434 | Lair:1   | Reached skill level 11 in Shields
  7589 | Lair:1   | Got a jewelled great sword
  7596 | Lair:1   | Identified the +2 great sword "Impbane" {flame, -Tele rPois MR++ Stlth+} (You found it on level 1 of the Lair of Beasts)
  7651 | Lair:1   | Noticed a four-headed hydra
  7652 | Lair:1   | Noticed an eight-headed hydra
  7669 | Lair:1   | Noticed Erica
  7702 | Lair:1   | Killed a four-headed hydra
  7726 | Lair:1   | Killed Erica
  7739 | Lair:1   | Killed an eight-headed hydra
  7761 | Lair:1   | Noticed Gastronok
  7791 | Lair:1   | Killed Gastronok
  7908 | Lair:1   | Reached XP level 12. HP: 96/110 MP: 13/13
  8204 | Lair:2   | Noticed a six-headed hydra
  8216 | Lair:1   | Killed a six-headed hydra
  8216 | Lair:1   | Reached skill level 10 in Armour
  8417 | Lair:2   | Noticed a four-headed hydra
  8437 | Lair:2   | Killed a four-headed hydra
  8437 | Lair:2   | Reached ****** piety under Okawaru
  9170 | Lair:3   | Noticed Turtleman12345's ghost (journeyman DEAE)
  9182 | Lair:3   | Reached skill level 12 in Shields
  9248 | Lair:3   | Killed Turtleman12345's ghost
  9248 | Lair:3   | Received a gift from Okawaru
  9371 | Lair:3   | Found a staircase to the Shoals.
  9756 | Lair:3   | Noticed a six-headed hydra
  9770 | Lair:3   | Killed a six-headed hydra
 10459 | D:10     | Entered Level 10 of the Dungeon
 10846 | D:10     | Reached XP level 13. HP: 120/120 MP: 15/15
 11286 | D:11     | Got a jewelled dagger
 11334 | D:11     | Found a glowing golden altar of the Shining One.
 11603 | D:11     | Reached skill level 13 in Shields
 12823 | D:12     | Found a staircase to the Orcish Mines.
 12891 | D:12     | Received a gift from Okawaru
 12941 | D:12     | Identified the +9 dagger of the Cup {flame, rPois rN+} (You found it on level 11 of the Dungeon)
 13409 | D:13     | Found a gate to the Vaults.
 14798 | D:14     | Found a shimmering altar of Xom.
 14997 | D:14     | Reached skill level 14 in Shields
 15008 | D:14     | Reached skill level 10 in Fighting
 15069 | D:14     | Received a gift from Okawaru
 15116 | D:14     | Got a pair of bloodstained gloves {god gift}
 15127 | D:14     | Identified the +0 pair of gloves of Peloso's Conscience {MR+} (Okawaru gifted it to you on level 14 of the Dungeon)
 15143 | D:14     | Got an ebony falchion
 15263 | D:14     | Identified the +11 falchion of Understanding {venom, Fragile rF+ Int+4} (You found it on level 14 of the Dungeon)
 16227 | Lair:4   | Got a steaming buckler
 16301 | Lair:4   | Identified the +2 buckler of Riribeah {rN+ MR+ Slay+5 Stlth+} (You found it on level 4 of the Lair of Beasts)
 16313 | Lair:4   | Found a hole to the Spider Nest.
 16323 | Lair:4   | Gained mutation: You resist negative energy. (rN+) [Deep Dwarf growth]
 16323 | Lair:4   | Reached XP level 14. HP: 132/132 MP: 16/16
 17126 | Lair:5   | Found a staircase to the Slime Pits.
 17198 | Lair:5   | Found a labyrinth entrance.
 17207 | Lab      | Entered a labyrinth
 18900 | Lair:5   | Received a gift from Okawaru
 18903 | Lair:5   | Got a twisted helmet {god gift}
 18914 | Lair:5   | Identified the +2 helmet "Jaologg" {+Inv Regen+} (Okawaru gifted it to you on level 5 of the Lair of Beasts)
 19089 | Lair:6   | Entered Level 6 of the Lair of Beasts
 19215 | Lair:5   | Reached skill level 15 in Shields
 19222 | Lair:6   | Noticed jotwebe's ghost (journeyman VSNe)
 19343 | Lair:6   | Killed jotwebe's ghost
 19579 | Lair:6   | Reached skill level 1 in Evocations
 19841 | Lair:6   | Identified the Volume of Unholy Ice
 20005 | Lair:6   | Paralysed by a hornet for 3 turns
 20104 | Lair:5   | Received a gift from Okawaru
 20110 | Lair:5   | Got a pair of dazzling gloves {god gift}
 20121 | Lair:5   | Identified the +2 pair of gloves of Mysticism {MR+ MP-9 Dex+2} (Okawaru gifted it to you on level 5 of the Lair of Beasts)
 20483 | Lair:6   | Noticed RKaid's ghost (journeyman FoVM)
 20500 | Lair:6   | Killed RKaid's ghost
 20635 | Lair:6   | Reached XP level 15. HP: 96/142 MP: 16/16
 20988 | Lair:6   | HP: 4/142 [acid (17)]
 21606 | Orc:1    | Entered Level 1 of the Orcish Mines
 21883 | Orc:1    | Noticed an orc warlord
 21897 | Orc:1    | Reached skill level 16 in Shields
 22094 | Orc:1    | Killed an orc warlord
 22167 | Orc:1    | Found a flagged portal.
 22178 | Bailey   | Entered a bailey
 22482 | Bailey   | Got a faintly glowing shield
 22493 | Bailey   | Identified the +0 shield of the Secret Curses {rN+ rCorr Str+3 Int-2} (You found it in a bailey)
 22640 | Bailey   | Got a scorched helmet
 22651 | Bailey   | Identified the cursed +0 helmet of the Old World {Int+3} (You found it in a bailey)
 23072 | Orc:2    | Entered Level 2 of the Orcish Mines
 23073 | Orc:2    | Found Daqol's Gadget Shop.
 23272 | Orc:2    | Noticed an orc warlord
 23607 | Orc:1    | Killed an orc warlord
 23625 | Orc:1    | Reached skill level 5 in Dodging
 23694 | Orc:2    | Found Yvim's Jewellery Boutique.
 23769 | Orc:2    | Found Omulups's General Store.
 23941 | Orc:2    | Found Nuopias's Antique Armour Boutique.
 24303 | Orc:2    | Received a gift from Okawaru
 24359 | Orc:2    | Found Ygoaset's Antique Weapon Boutique.
 24368 | Orc:2    | Bought a fine broad axe for 261 gold pieces
 24369 | Orc:2    | Identified the +10 broad axe "Dwarf's Curse" {flame, *Drain +Blink Dex+5} (You bought it in a shop on level 2 of the Orcish Mines)
 24371 | Orc:2    | Bought a runed hand axe for 174 gold pieces
 24473 | Orc:2    | Found a staircase to the Elven Halls.
 24475 | Orc:2    | Found Yxeap's Weapon Boutique.
 24488 | Orc:2    | Found Hitib's Jewellery Emporium.
 25678 | D:15     | Entered Level 15 of the Dungeon
 25922 | D:15     | Found Peda's Food Emporium.
 26017 | D:15     | Received a gift from Okawaru
 26310 | D:15     | Found a blossoming altar of Fedhas.
 26348 | D:15     | Received a gift from Okawaru
 26505 | D:15     | Gained mutation: You are dopey. (Int -2) [a neqoxec]
 26530 | D:15     | Found a staircase to the Depths.
 26789 | Elf:1    | Entered Level 1 of the Elven Halls
 26939 | Elf:1    | Reached XP level 16. HP: 84/153 MP: 17/17
 27792 | Elf:1    | Reached skill level 17 in Shields
 28716 | Elf:1    | Reached skill level 5 in Long Blades
 28884 | Elf:2    | Found a glowing silver altar of Zin.
 28884 | Elf:2    | Found a glowing golden altar of the Shining One.
 28892 | Elf:2    | Found a white marble altar of Elyvilon.
 28892 | Elf:2    | Found a ruined gateway.
 29042 | Desolati | Entered the Desolation of Salt
 29228 | Desolati | HP: 4/154 [saltling (17)]
 29229 | Desolati | HP: 1/154 [saltling (3)]
 29229 | Desolati | Mangled by a saltling

Skill      XL: |  1  2  3  4  5  6  7  8  9 10 11 12 13 14 15 16 |
---------------+-------------------------------------------------+-----
Fighting       | 3 4 5 6 7 8 10 11 12 | 12.6
Armour         | 4 5 6 7 8 9 10 11 13 14 | 14.4
Shields        | 4 5 7 8 10 11 12 14 15 16 17 | 17.2
Long Blades    | 3 4 6 |  6.0
Maces & Flails | 2 4 6 8 9 11 12 13 14 | 14.2
Dodging        | 1 2 3 4 5 |  5.0
Stealth        | 1 2 |  2.6
Invocations    | 1 2 3 4 |  4.5
Evocations     | 1 |  1.3

Action                   |  1- 3 |  4- 6 |  7- 9 | 10-12 | 13-15 | 16-18 || total
-------------------------+-------+-------+-------+-------+-------+-------++-------
Melee: Long sword        |    92 |   104 |       |       |       |   356 ||   552
       Whip              |       |   221 |   717 |  1339 |  3206 |   133 ||  5616
Invok: Heroism           |       |       |     1 |    16 |    31 |     8 ||    56
       Finesse           |       |       |       |     1 |     1 |       ||     2
 Abil: Heal Wounds       |       |       |       |     1 |     6 |    15 ||    22
       Evoke Invisibilit |       |       |       |       |       |     2 ||     2
       Evoke Flight      |       |       |       |       |       |     2 ||     2
Evoke: Wand              |       |       |       |       |     3 |     4 ||     7
  Use: Potion            |       |     2 |       |     1 |     5 |     9 ||    17
       Scroll            |       |       |    10 |     2 |    28 |     6 ||    46
  Eat: Chunk             |       |     5 |    11 |    26 |    83 |    13 ||   138
       Fruit             |       |     1 |     4 |       |       |       ||     5
       Bread ration      |       |     1 |       |       |       |       ||     1
       Royal jelly       |       |       |     1 |     2 |       |       ||     3
Armor: Scale mail        |    44 |     1 |       |       |       |       ||    45
       Plate armour      |       |   148 |   262 |   353 |   972 |       ||  1735
       Chain mail        |       |    35 |       |       |       |       ||    35
       Gold dragon scale |       |       |       |       |   131 |   402 ||   533
Dodge: Dodged            |    21 |    42 |    96 |   261 |  1052 |   225 ||  1697
       Deflected         |       |       |     2 |     1 |     1 |       ||     4
Block: Shield            |    46 |   130 |   348 |   566 |   458 |       ||  1548
       Reflection        |       |       |       |    12 |       |       ||    12
       Other             |       |       |       |    12 |       |       ||    12
       Buckler           |       |       |       |       |   954 |   319 ||  1273
       Rpst.: Long sword |     5 |     8 |       |       |       |    52 ||    65
